Capitals vs Kings
Created - November 8, 2019 at 23:35
Goals
|
| Capitals |
1 |
0 |
1 |
2 |
| Kings |
2 |
2 |
2 |
6 |
|
Shots
|
| Capitals |
13 |
6 |
15 |
34 |
| Kings |
12 |
10 |
14 |
36 |
|
1st period
1. Capitals , Joe Thornton 8 (Joe Pavelski 4) at 3:37
2. Kings , Claude Giroux 6 (Anze Kopitar 7) at 3:47
3. Kings , Daniel Carcillo 2 (Radko Gudas 4) at 13:07
Penalties :
Joe Thornton (Was) for Hooking (Minor) at 0:16, Darnell Nurse (LAK) for Fighting (Major) at 15:29, Ryan Getzlaf (Was) for Fighting (Major) at 15:29
2nd period
4. Kings , Anze Kopitar 3 (Claude Giroux 6) at 2:15
5. Kings , Kevin Hayes 2 (Gilbert Brule 3, John Carlson 9) at 7:56 (PP)
Penalties :
Radko Gudas (LAK) for High sticking (Minor) at 2:38, Ryan Nugent-Hopkins (Was) for Tripping (Minor) at 7:16, Joe Pavelski (Was) for Roughing (Minor) at 11:39, Patrick Sharp (Was) for Roughing (Minor) at 14:10, Dan Hamhuis (LAK) for Tripping (Minor) at 16:59
3rd period
6. Kings , Claude Giroux 7 (Anze Kopitar 8) at 0:14
7. Capitals , Shayne Gostisbehere 1 (Ryan Nugent-Hopkins 2) at 13:28
8. Kings , Claude Giroux 8 (Tyler Cuma 3, Anze Kopitar 9) at 19:50
Penalties :
Kevin Hayes (LAK) for Slashing (Minor) at 1:40, Joe Thornton (Was) for Slashing (Minor) at 13:42, Joe Pavelski (Was) for Hooking (Minor) at 19:55
Goalie Stats
Mike Smith (Was), 19 saves from 21 shots - (0.905), 32:04 minutes
Tuukka Rask (Was), 11 saves from 15 shots - (0.733), L, 3-3-1, 27:56 minutes
Philipp Grubauer (LAK), 32 saves from 34 shots - (0.941), W, 4-3-0, 60:00 minutes
Players Stats for Capitals
Player Name G A P +/- PIM S H SB GA TA FO MP PP MP PK MP
------------------------------------------------------------------------------------
Blake Wheeler 0 0 0 -2 0 7 1 0 1 0 3/4 11:45 0:00 0:00
Brent Seabrook 0 0 0 -1 0 0 1 3 0 1 0/0 26:21 3:37 5:07
Jason Pominville 0 0 0 -1 0 4 1 0 0 0 0/2 15:17 2:31 1:40
Joe Pavelski 0 1 1 -1 4 3 4 1 1 0 1/3 22:54 3:26 3:33
Joe Thornton 1 0 1 -1 4 6 1 1 0 0 16/34 21:55 3:26 2:43
Josh Manson 0 0 0 -1 0 1 0 1 0 0 0/0 12:15 0:00 0:00
Justin Faulk 0 0 0 -1 0 1 1 1 1 1 0/0 21:15 2:20 3:24
Michael Schumacher 0 0 0 1 0 0 0 0 0 0 0/0 7:48 0:00 0:00
Mikko Koivu 0 0 0 -2 0 0 1 0 0 1 3/4 11:05 0:00 0:33
Olli Maatta 0 0 0 -1 0 0 1 2 0 1 0/0 12:24 0:00 0:09
Ondrej Palat 0 0 0 -2 0 0 1 0 0 1 0/0 12:58 0:00 2:17
Patrick Marleau 0 0 0 -1 0 1 2 0 0 0 0/0 14:18 2:31 0:37
Patrick Sharp 0 0 0 -1 2 1 1 0 0 0 1/3 19:58 3:26 0:50
Ryan Getzlaf 0 0 0 -1 5 2 0 0 0 1 5/13 11:57 2:31 0:00
Ryan Nugent-Hopkins 0 1 1 1 2 0 1 0 0 0 2/3 10:05 0:00 2:05
Shayne Gostisbehere 1 0 1 -1 0 3 1 1 0 2 0/0 21:15 2:20 3:24
T.J. Oshie 0 0 0 1 0 3 0 1 0 0 1/3 11:13 0:00 3:02
Victor Hedman 0 0 0 -1 0 2 0 2 0 1 0/0 26:30 3:37 5:16
Players Stats for Kings
Player Name G A P +/- PIM S H SB GA TA FO MP PP MP PK MP
------------------------------------------------------------------------------------
Anze Kopitar 1 3 4 3 0 3 2 0 1 0 18/32 23:21 4:39 1:53
Brian McGrattan 0 0 0 0 0 3 1 0 0 0 1/1 10:38 0:00 3:25
Claude Giroux 3 1 4 3 0 7 1 0 4 0 0/0 23:31 4:39 2:09
Dan Hamhuis 0 0 0 1 2 1 1 1 1 0 0/0 15:00 0:00 0:00
Daniel Carcillo 1 0 1 1 0 3 1 1 0 0 0/0 11:06 0:00 1:16
Darnell Nurse 0 0 0 1 5 3 1 2 0 0 0/0 20:21 3:15 3:54
Darroll Powe 0 0 0 0 0 2 0 0 0 0 1/4 7:13 0:00 0:00
Gilbert Brule 0 1 1 1 0 3 1 2 0 0 8/15 16:57 4:01 3:03
John Carlson 0 1 1 1 0 0 0 1 2 0 0/0 23:48 5:25 2:03
Jon Merrill 0 0 0 1 0 1 0 3 0 0 0/0 17:54 0:00 3:54
Jordan Nolan 0 0 0 -1 0 1 0 1 0 0 7/13 16:25 4:39 0:00
Kevin Hayes 1 0 1 1 2 2 2 0 0 0 0/0 13:49 4:00 0:00
Loui Eriksson 0 0 0 -1 0 2 0 0 1 0 0/1 15:32 4:01 0:00
Matt Martin 0 0 0 3 0 1 1 0 0 0 1/1 16:24 0:00 0:00
Maxim Afinogenov 0 0 0 -1 0 2 2 1 0 0 1/2 11:32 0:01 0:00
Peter Worrell 0 0 0 0 0 0 2 0 0 0 0/0 7:27 0:00 0:08
Radko Gudas 0 1 1 1 2 2 1 0 0 1 0/0 23:51 5:25 1:17
Tyler Cuma 0 1 1 1 0 0 2 0 0 2 0/0 19:10 3:15 0:46
3 Stars
1 - Claude Giroux (LAK)
2 - Anze Kopitar (LAK)
3 - Daniel Carcillo (LAK)
Power Play
Capitals - 0 on 3 Attempt(s) - 0.00%
Kings - 1 on 6 Attempt(s) - 16.67%
Penalty Kill
Capitals - 5 on 6 Attempt(s) - 83.33%
- Score 0 goal in Penalty Kill
Kings - 3 on 3 Attempt(s) - 100.00%
- Score 0 goal in Penalty Kill
Team Stat
Capitals - Hits : 17 - Faceoff Wins : 32 - Blocked Shots : 13 - Penalty Minutes : 17
Kings - Hits : 18 - Faceoff Wins : 37 - Blocked Shots : 12 - Penalty Minutes : 11
Official
Referees : Unknown
Linesman : Unknown
Game Notes
Darnell Nurse beats up Ryan Getzlaf at 15:29 of 1st period
Mike Smith enters game at 7:56 of 2nd period
Claude Giroux has scored a Hat Trick!
Finance
Level 1 -- Attendance: 4680 (78.00%) -- Ticket Income $561,600
Level 2 -- Attendance: 3750 (75.00%) -- Ticket Income $281,250
Level 3 -- Attendance: 1579 (78.95%) -- Ticket Income $71,055
Level 4 -- Attendance: 3730 (93.25%) -- Ticket Income $111,900
Luxury Box -- Attendance: 1000 (100.00%) -- Ticket Income $180,000
Game was played at the Staples Center.
Total Attendance: 14739 (81.88%)
Total Ticket Income: $1,205,805
Other Income: $180,871
Total Income: $1,386,676
Capitals
5 vs 5 Forward
Center Left Wing Right Wing Time % Phy DF OF
1 Joe Thornton Patrick Sharp Joe Pavelski 40 1 2 2
2 Ryan Getzlaf Patrick Marleau Jason Pominville 30 1 2 2
3 Mikko Koivu Ondrej Palat Blake Wheeler 20 1 2 2
4 Ryan Nugent-Hopkins Michael Schumacher T.J. Oshie 10 1 2 2
5 vs 5 Defense
Defense Defense Time % Phy DF OF
1 Brent Seabrook Victor Hedman 40 1 2 2
2 Justin Faulk Shayne Gostisbehere 30 1 2 2
3 Josh Manson Olli Maatta 20 1 2 2
4 Brent Seabrook Victor Hedman 10 1 2 2
PowerPlay Forward
Center Left Wing Right Wing Time % Phy DF OF
1 Joe Thornton Patrick Sharp Joe Pavelski 60 1 2 2
2 Ryan Getzlaf Patrick Marleau Jason Pominville 40 1 2 2
PowerPlay Defense
Defense Defense Time % Phy DF OF
1 Brent Seabrook Victor Hedman 60 1 2 2
2 Justin Faulk Shayne Gostisbehere 40 1 2 2
Penalty Kill 4 Players Forward
Center Wing Time % Phy DF OF
1 Joe Thornton Joe Pavelski 60 1 2 2
2 Jason Pominville Patrick Sharp 40 1 2 2
Penalty Kill 4 Players Defense
Defense Defense Time % Phy DF OF
1 Brent Seabrook Victor Hedman 60 1 2 2
2 Justin Faulk Shayne Gostisbehere 40 1 2 2
Penalty Kill - 3 Players Forward
Forward Time % Phy DF OF
1 Joe Thornton 60 1 2 2
2 Joe Pavelski 40 1 2 2
Penalty Kill - 3 Players Defense
Defense Defense Time % Phy DF OF
1 Brent Seabrook Victor Hedman 60 1 2 2
2 Justin Faulk Shayne Gostisbehere 40 1 2 2
4 vs 4 Forward
Center Wing Time % Phy DF OF
1 Joe Thornton Joe Pavelski 60 1 2 2
2 Jason Pominville Patrick Sharp 40 1 2 2
4 vs 4 Defense
Defense Defense Time % Phy DF OF
1 Brent Seabrook Victor Hedman 60 1 2 2
2 Justin Faulk Shayne Gostisbehere 40 1 2 2
Last Minutes Offensive
Center Left Wing Right Wing Defense Defense
Joe Thornton Patrick Sharp Joe Pavelski Brent Seabrook Victor Hedman
Last Minutes Defensive
Center Left Wing Right Wing Defense Defense
Joe Thornton Patrick Sharp Joe Pavelski Brent Seabrook Victor Hedman
Goaltenders
Starting : Tuukka Rask
Backup : Mike Smith
Extra Forwards
Normal : Blake Wheeler, Mikko Koivu, T.J. Oshie - PP : Blake Wheeler, Mikko Koivu - PK : T.J. Oshie
Extra Defensemen
Normal : Josh Manson, Olli Maatta, Justin Faulk - PP : Josh Manson - PK : Olli Maatta, Justin Faulk
Penalty Shots
Joe Thornton, Joe Pavelski, Jason Pominville, Patrick Sharp, Ryan Getzlaf
Scratches
Ryan Suter (Left Leg Injury), Thomas Vanek (Lacerated Right Calf Injury)
Kings
5 vs 5 Forward
Center Left Wing Right Wing Time % Phy DF OF
1 Anze Kopitar Matt Martin Claude Giroux 40 1 2 2
2 Jordan Nolan Loui Eriksson Maxim Afinogenov 30 1 2 2
3 Gilbert Brule Daniel Carcillo Kevin Hayes 25 1 2 2
4 Darroll Powe Peter Worrell Brian McGrattan 5 3 2 0
5 vs 5 Defense
Defense Defense Time % Phy DF OF
1 John Carlson Darnell Nurse 35 1 2 2
2 Tyler Cuma Radko Gudas 35 1 2 2
3 Dan Hamhuis Jon Merrill 30 1 2 2
4 Darnell Nurse Radko Gudas 0 1 2 2
PowerPlay Forward
Center Left Wing Right Wing Time % Phy DF OF
1 Anze Kopitar Jordan Nolan Claude Giroux 60 1 1 3
2 Gilbert Brule Loui Eriksson Kevin Hayes 40 1 1 3
PowerPlay Defense
Defense Defense Time % Phy DF OF
1 Radko Gudas John Carlson 60 0 2 3
2 Darnell Nurse Tyler Cuma 40 0 2 3
Penalty Kill 4 Players Forward
Center Wing Time % Phy DF OF
1 Gilbert Brule Brian McGrattan 60 1 3 1
2 Claude Giroux Anze Kopitar 40 1 3 1
Penalty Kill 4 Players Defense
Defense Defense Time % Phy DF OF
1 Darnell Nurse Jon Merrill 60 1 4 0
2 Radko Gudas John Carlson 40 1 4 0
Penalty Kill - 3 Players Forward
Forward Time % Phy DF OF
1 Claude Giroux 60 1 3 1
2 Anze Kopitar 40 1 3 1
Penalty Kill - 3 Players Defense
Defense Defense Time % Phy DF OF
1 Jon Merrill Darnell Nurse 60 1 4 0
2 Tyler Cuma Radko Gudas 40 1 4 0
4 vs 4 Forward
Center Wing Time % Phy DF OF
1 Claude Giroux Anze Kopitar 60 1 2 2
2 Jordan Nolan Maxim Afinogenov 40 1 1 3
4 vs 4 Defense
Defense Defense Time % Phy DF OF
1 John Carlson Radko Gudas 60 1 2 2
2 Tyler Cuma Jon Merrill 40 1 2 2
Last Minutes Offensive
Center Left Wing Right Wing Defense Defense
Anze Kopitar Matt Martin Claude Giroux John Carlson Radko Gudas
Last Minutes Defensive
Center Left Wing Right Wing Defense Defense
Anze Kopitar Matt Martin Claude Giroux Jon Merrill Radko Gudas
Goaltenders
Starting : Philipp Grubauer
Backup : Antti Niemi
Extra Forwards
Normal : Anze Kopitar, Gilbert Brule, Jordan Nolan - PP : Maxim Afinogenov, Daniel Carcillo - PK : Claude Giroux
Extra Defensemen
Normal : John Carlson, Tyler Cuma, Radko Gudas - PP : Jon Merrill - PK : Tyler Cuma, Dan Hamhuis
Penalty Shots
Claude Giroux, Loui Eriksson, Anze Kopitar, Jordan Nolan, Gilbert Brule
Scratches
Martin Jones (Healthy)
% Time on Ice - Capitals
Lines # - Real PCT - Wanted PCT - Time Play
Normal Forward
1 - 35% - 40% - 16:01
2 - 24% - 30% - 11:06
3 - 23% - 20% - 10:28
4 - 17% - 10% - 7:48
Normal Defense
1 - 37% - 40% - 16:36
2 - 34% - 30% - 15:31
3 - 27% - 20% - 12:15
4 - 2% - 10% - 1:01
PP Forward
1 - 58% - 60% - 3:26
2 - 42% - 40% - 2:31
PP Defense
1 - 61% - 60% - 3:37
2 - 39% - 40% - 2:20
PK Forward
1 - 79% - 60% - 6:51
2 - 21% - 40% - 1:49
PK Defense
1 - 61% - 60% - 5:16
2 - 39% - 40% - 3:24
PK3 Forward
1 - 0% - 60%
2 - 0% - 40%
PK3 Defense
1 - 0% - 60%
2 - 0% - 40%
44 Forward
1 - 0% - 60%
2 - 0% - 40%
44 Defense
1 - 0% - 60%
2 - 0% - 40%
Last Minute Offensive - 0:00
Last Minute Defensive - 0:00
Total
Forward - 60:00
Defense - 60:00
|
% Time on Ice - Kings
Lines # - Real PCT - Wanted PCT - Time Play
Normal Forward
1 - 38% - 40% - 17:20
2 - 25% - 30% - 11:32
3 - 20% - 25% - 9:18
4 - 16% - 5% - 7:13
Normal Defense
1 - 35% - 35% - 15:41
2 - 34% - 35% - 15:19
3 - 31% - 30% - 13:59
4 - 1% - 0% - 0:24
PP Forward
1 - 54% - 60% - 4:39
2 - 46% - 40% - 4:01
PP Defense
1 - 63% - 60% - 5:25
2 - 38% - 40% - 3:15
PK Forward
1 - 83% - 60% - 4:58
2 - 17% - 40% - 0:59
PK Defense
1 - 66% - 60% - 3:54
2 - 34% - 40% - 2:03
PK3 Forward
1 - 0% - 60%
2 - 0% - 40%
PK3 Defense
1 - 0% - 60%
2 - 0% - 40%
44 Forward
1 - 0% - 60%
2 - 0% - 40%
44 Defense
1 - 0% - 60%
2 - 0% - 40%
Last Minute Offensive - 0:00
Last Minute Defensive - 0:00
Total
Forward - 60:00
Defense - 60:00
|
Play-by-Play
1st period
0:01 of 1st period - Anze Kopitar wins face-off versus Joe Thornton in neutral zone.
0:16 of 1st period - Minor Penalty to Joe Thornton for Hooking.
0:17 of 1st period - Anze Kopitar wins face-off versus T.J. Oshie in Capitals zone.
0:27 of 1st period - Snap shot by Claude Giroux.
0:27 of 1st period - Deflect By Brent Seabrook.
0:27 of 1st period - Shot Blocked by T.J. Oshie.
0:27 of 1st period - Puck is out of play.
0:28 of 1st period - Gilbert Brule wins face-off versus Jason Pominville in Capitals zone.
0:29 of 1st period - Snap shot by Kevin Hayes.
0:29 of 1st period - Stopped by Tuukka Rask with a rebound.
0:31 of 1st period - Wrist shot by Gilbert Brule.
0:31 of 1st period - Shot Hit the Post.
0:33 of 1st period - Slapshot by Darnell Nurse.
0:33 of 1st period - Deflect By Shayne Gostisbehere.
0:33 of 1st period - Stopped by Tuukka Rask with a rebound.
0:45 of 1st period - Snap shot by Loui Eriksson.
0:45 of 1st period - Stopped by Tuukka Rask without a rebound.
0:46 of 1st period - Anze Kopitar wins face-off versus T.J. Oshie in Capitals zone.
1:01 of 1st period - Snap shot by Claude Giroux.
1:01 of 1st period - Shot Misses the Net.
1:03 of 1st period - Slapshot by Radko Gudas.
1:03 of 1st period - Shot Misses the Net.
1:21 of 1st period - Slapshot by Gilbert Brule.
1:21 of 1st period - Stopped by Tuukka Rask with a rebound.
2:16 of 1st period - Penalty to Joe Thornton is over, Joe Thornton is back on ice.
2:33 of 1st period - Slapshot by John Carlson.
2:33 of 1st period - Shot Blocked by Josh Manson.
2:49 of 1st period - Darroll Powe is hit by Mikko Koivu and loses puck.
3:33 of 1st period - Wrist shot by Blake Wheeler.
3:33 of 1st period - Stopped by Philipp Grubauer without a rebound.
3:34 of 1st period - Joe Thornton wins face-off versus Jordan Nolan in Kings zone.
3:37 of 1st period - Backhand shot by Joe Thornton.
3:37 of 1st period - Goal by Joe Thornton - Capitals : 1 - Kings : 0.
3:38 of 1st period - Anze Kopitar wins face-off versus Jason Pominville in neutral zone.
3:47 of 1st period - Snap shot by Claude Giroux.
3:47 of 1st period - Goal by Claude Giroux - Capitals : 1 - Kings : 1.
3:48 of 1st period - Joe Thornton wins face-off versus Maxim Afinogenov in neutral zone.
5:31 of 1st period - Wrist shot by Ondrej Palat.
5:31 of 1st period - Shot Hit the Post.
6:13 of 1st period - Snap shot by Joe Thornton.
6:13 of 1st period - Shot Blocked by Dan Hamhuis.
6:15 of 1st period - Wrist shot by Joe Thornton.
6:15 of 1st period - Stopped by Philipp Grubauer without a rebound.
6:16 of 1st period - Anze Kopitar wins face-off versus Joe Thornton in Kings zone.
6:31 of 1st period - Wrist shot by Claude Giroux.
6:31 of 1st period - Shot Misses the Net.
6:45 of 1st period - Icing by Claude Giroux.
6:46 of 1st period - Anze Kopitar wins face-off versus Ryan Getzlaf in Kings zone.
7:09 of 1st period - Shayne Gostisbehere is hit by Matt Martin and loses puck.
7:32 of 1st period - Snap shot by Anze Kopitar.
7:32 of 1st period - Shot Misses the Net.
7:36 of 1st period - Slapshot by Claude Giroux.
7:36 of 1st period - Shot Blocked by Shayne Gostisbehere.
7:38 of 1st period - Slapshot by Darnell Nurse.
7:38 of 1st period - Stopped by Tuukka Rask without a rebound.
7:39 of 1st period - Joe Thornton wins face-off versus Jordan Nolan in Capitals zone.
7:52 of 1st period - Slapshot by Victor Hedman.
7:52 of 1st period - Shot Blocked by Maxim Afinogenov.
8:49 of 1st period - Off-side.
8:50 of 1st period - Jordan Nolan wins face-off versus Ryan Nugent-Hopkins in neutral zone.
9:28 of 1st period - Slapshot by Shayne Gostisbehere.
9:28 of 1st period - Stopped by Philipp Grubauer without a rebound.
9:29 of 1st period - Joe Thornton wins face-off versus Jordan Nolan in Kings zone.
9:30 of 1st period - Snap shot by Joe Pavelski.
9:30 of 1st period - Shot Blocked by Jordan Nolan.
10:03 of 1st period - Slapshot by Gilbert Brule.
10:03 of 1st period - Stopped by Tuukka Rask with a rebound.
11:08 of 1st period - Wrist shot by Patrick Sharp.
11:08 of 1st period - Shot Blocked by Gilbert Brule.
11:22 of 1st period - Matt Martin is hit by Jason Pominville and loses puck.
11:42 of 1st period - John Carlson is hit by Ondrej Palat and loses puck.
11:51 of 1st period - Snap shot by Mikko Koivu.
11:51 of 1st period - Shot Misses the Net.
12:15 of 1st period - Snap shot by Joe Thornton.
12:15 of 1st period - Stopped by Philipp Grubauer without a rebound.
12:16 of 1st period - Ryan Getzlaf wins face-off versus Anze Kopitar in Kings zone.
12:17 of 1st period - Wrist shot by Jason Pominville.
12:17 of 1st period - Stopped by Philipp Grubauer without a rebound.
12:18 of 1st period - Anze Kopitar wins face-off versus Ryan Getzlaf in Kings zone.
12:23 of 1st period - Slapshot by Claude Giroux.
12:23 of 1st period - Shot Misses the Net.
12:25 of 1st period - Slapshot by Jon Merrill.
12:25 of 1st period - Stopped by Tuukka Rask with a rebound.
12:27 of 1st period - Slapshot by Matt Martin.
12:27 of 1st period - Shot Misses the Net.
12:29 of 1st period - Wrist shot by Matt Martin.
12:29 of 1st period - Stopped by Tuukka Rask with a rebound.
13:07 of 1st period - Snap shot by Daniel Carcillo.
13:07 of 1st period - Goal by Daniel Carcillo - Capitals : 1 - Kings : 2.
13:08 of 1st period - Anze Kopitar wins face-off versus Joe Thornton in neutral zone.
13:35 of 1st period - Brent Seabrook is hit by Tyler Cuma and loses puck.
13:57 of 1st period - Wrist shot by Blake Wheeler.
13:57 of 1st period - Stopped by Philipp Grubauer without a rebound.
13:58 of 1st period - Mikko Koivu wins face-off versus Jordan Nolan in Kings zone.
14:01 of 1st period - Wrist shot by Blake Wheeler.
14:01 of 1st period - Stopped by Philipp Grubauer without a rebound.
14:02 of 1st period - Jordan Nolan wins face-off versus Joe Pavelski in Kings zone.
14:57 of 1st period - Slapshot by Blake Wheeler.
14:57 of 1st period - Stopped by Philipp Grubauer without a rebound.
14:58 of 1st period - Gilbert Brule wins face-off versus Joe Thornton in Kings zone.
15:20 of 1st period - Snap shot by Daniel Carcillo.
15:20 of 1st period - Deflect By Kevin Hayes.
15:20 of 1st period - Shot Blocked by Justin Faulk.
15:20 of 1st period - Puck is out of play.
15:21 of 1st period - Ryan Getzlaf wins face-off versus Anze Kopitar in Capitals zone.
15:29 of 1st period - Darnell Nurse beats up Ryan Getzlaf.
15:29 of 1st period - Penalty to Darnell Nurse for Fighting.
15:29 of 1st period - Penalty to Ryan Getzlaf for Fighting.
15:30 of 1st period - Joe Thornton wins face-off versus Anze Kopitar in neutral zone.
15:39 of 1st period - Slapshot by Patrick Sharp.
15:39 of 1st period - Stopped by Philipp Grubauer without a rebound.
15:40 of 1st period - Joe Pavelski wins face-off versus Anze Kopitar in Kings zone.
15:43 of 1st period - Wrist shot by Joe Thornton.
15:43 of 1st period - Stopped by Philipp Grubauer with a rebound.
15:49 of 1st period - Snap shot by Patrick Sharp.
15:49 of 1st period - Shot Misses the Net.
15:51 of 1st period - Snap shot by Joe Pavelski.
15:51 of 1st period - Stopped by Philipp Grubauer without a rebound.
15:52 of 1st period - Maxim Afinogenov wins face-off versus Patrick Sharp in Kings zone.
16:23 of 1st period - Off-side.
16:24 of 1st period - Anze Kopitar wins face-off versus Blake Wheeler in neutral zone.
17:17 of 1st period - Snap shot by Joe Pavelski.
17:17 of 1st period - Shot Misses the Net.
17:49 of 1st period - Wrist shot by Maxim Afinogenov.
17:49 of 1st period - Shot Misses the Net.
17:55 of 1st period - Wrist shot by Maxim Afinogenov.
17:55 of 1st period - Shot Misses the Net.
17:57 of 1st period - Wrist shot by Jordan Nolan.
17:57 of 1st period - Stopped by Tuukka Rask without a rebound.
17:58 of 1st period - Blake Wheeler wins face-off versus Gilbert Brule in Capitals zone.
18:13 of 1st period - Snap shot by Jason Pominville.
18:13 of 1st period - Shot Misses the Net.
18:30 of 1st period - Wrist shot by T.J. Oshie.
18:30 of 1st period - Stopped by Philipp Grubauer with a rebound.
18:48 of 1st period - Off-side.
18:49 of 1st period - Blake Wheeler wins face-off versus Darroll Powe in neutral zone.
19:49 of 1st period - Wrist shot by Claude Giroux.
19:49 of 1st period - Stopped by Tuukka Rask without a rebound.
19:50 of 1st period - Blake Wheeler wins face-off versus Gilbert Brule in Capitals zone.
19:55 of 1st period - Tyler Cuma is hit by Shayne Gostisbehere and loses puck.
Goals for this period are 1 for Capitals vs 2 for Kings.
Shots for this period are 13 for Capitals vs 12 for Kings.
2nd period
0:01 of 2nd period - Anze Kopitar wins face-off versus Joe Thornton in neutral zone.
0:14 of 2nd period - Backhand shot by Claude Giroux.
0:14 of 2nd period - Shot Blocked by Joe Pavelski.
0:26 of 2nd period - Gilbert Brule is hit by Patrick Marleau and loses puck.
0:35 of 2nd period - Snap shot by Jason Pominville.
0:35 of 2nd period - Stopped by Philipp Grubauer with a rebound.
0:37 of 2nd period - Slapshot by Blake Wheeler.
0:37 of 2nd period - Shot Misses the Net.
0:39 of 2nd period - Snap shot by Blake Wheeler.
0:39 of 2nd period - Stopped by Philipp Grubauer without a rebound.
0:40 of 2nd period - Mikko Koivu wins face-off versus Anze Kopitar in Kings zone.
0:43 of 2nd period - Snap shot by Blake Wheeler.
0:43 of 2nd period - Shot Misses the Net.
0:45 of 2nd period - Snap shot by Blake Wheeler.
0:45 of 2nd period - Stopped by Philipp Grubauer with a rebound.
0:47 of 2nd period - Backhand shot by Blake Wheeler.
0:47 of 2nd period - Stopped by Philipp Grubauer without a rebound.
0:48 of 2nd period - Mikko Koivu wins face-off versus Anze Kopitar in Kings zone.
1:01 of 2nd period - Snap shot by Mikko Koivu.
1:01 of 2nd period - Shot Misses the Net.
1:03 of 2nd period - Slapshot by Ondrej Palat.
1:03 of 2nd period - Shot Misses the Net.
1:05 of 2nd period - Wrist shot by Shayne Gostisbehere.
1:05 of 2nd period - Shot Blocked by Jon Merrill.
1:27 of 2nd period - Snap shot by Mikko Koivu.
1:27 of 2nd period - Shot Misses the Net.
1:33 of 2nd period - Wrist shot by Mikko Koivu.
1:33 of 2nd period - Shot Blocked by Jon Merrill.
1:35 of 2nd period - Backhand shot by Blake Wheeler.
1:35 of 2nd period - Shot Misses the Net.
2:15 of 2nd period - Wrist shot by Anze Kopitar.
2:15 of 2nd period - Goal by Anze Kopitar - Capitals : 1 - Kings : 3.
2:16 of 2nd period - Joe Thornton wins face-off versus Jordan Nolan in neutral zone.
2:38 of 2nd period - Minor Penalty to Radko Gudas for High sticking.
2:39 of 2nd period - Patrick Sharp wins face-off versus Gilbert Brule in Kings zone.
2:54 of 2nd period - Brian McGrattan is hit by Patrick Sharp and loses puck.
4:36 of 2nd period - John Carlson is hit by Joe Pavelski and loses puck.
4:38 of 2nd period - Penalty to Radko Gudas is over, Radko Gudas is back on ice.
4:57 of 2nd period - Wrist shot by Ryan Nugent-Hopkins.
4:57 of 2nd period - Shot Blocked by John Carlson.
5:07 of 2nd period - John Carlson is hit by Olli Maatta.
5:30 of 2nd period - T.J. Oshie is hit by Maxim Afinogenov and loses puck.
6:05 of 2nd period - Victor Hedman is hit by Dan Hamhuis and loses puck.
6:22 of 2nd period - Darnell Nurse is hit by Joe Thornton and loses puck.
6:41 of 2nd period - Josh Manson is hit by Tyler Cuma and loses puck.
7:16 of 2nd period - Minor Penalty to Ryan Nugent-Hopkins for Tripping.
7:17 of 2nd period - Joe Thornton wins face-off versus Anze Kopitar in Capitals zone.
7:17 of 2nd period - Joe Thornton is hit by Radko Gudas.
7:54 of 2nd period - Snap shot by Gilbert Brule.
7:54 of 2nd period - Stopped by Tuukka Rask with a rebound.
7:56 of 2nd period - Snap shot by Kevin Hayes.
7:56 of 2nd period - Goal by Kevin Hayes - Capitals : 1 - Kings : 4.
7:56 of 2nd period - Mike Smith enters game.
7:57 of 2nd period - Gilbert Brule wins face-off versus Ryan Getzlaf in neutral zone.
8:00 of 2nd period - Patrick Marleau is hit by Kevin Hayes and loses puck.
8:28 of 2nd period - Blake Wheeler is hit by Darnell Nurse and loses puck.
8:41 of 2nd period - Snap shot by Daniel Carcillo.
8:41 of 2nd period - Stopped by Mike Smith without a rebound.
8:42 of 2nd period - Jordan Nolan wins face-off versus Joe Thornton in Capitals zone.
8:49 of 2nd period - Snap shot by Loui Eriksson.
8:49 of 2nd period - Stopped by Mike Smith without a rebound.
8:50 of 2nd period - Jordan Nolan wins face-off versus Joe Pavelski in Capitals zone.
8:51 of 2nd period - Wrist shot by Maxim Afinogenov.
8:51 of 2nd period - Stopped by Mike Smith with a rebound.
8:57 of 2nd period - Loui Eriksson is hit by Joe Pavelski and loses puck.
9:22 of 2nd period - Snap shot by Jason Pominville.
9:22 of 2nd period - Shot Misses the Net.
9:24 of 2nd period - Wrist shot by Jason Pominville.
9:24 of 2nd period - Shot Misses the Net.
10:40 of 2nd period - Wrist shot by Ryan Getzlaf.
10:40 of 2nd period - Stopped by Philipp Grubauer with a rebound.
10:42 of 2nd period - Slapshot by Olli Maatta.
10:42 of 2nd period - Shot Blocked by Jon Merrill.
10:44 of 2nd period - Wrist shot by Ryan Getzlaf.
10:44 of 2nd period - Deflect By Patrick Marleau.
10:44 of 2nd period - Shot Misses the Net.
10:44 of 2nd period - Puck is out of play.
10:45 of 2nd period - Ryan Getzlaf wins face-off versus Anze Kopitar in Kings zone.
10:46 of 2nd period - Wrist shot by Jason Pominville.
10:46 of 2nd period - Stopped by Philipp Grubauer without a rebound.
10:47 of 2nd period - Anze Kopitar wins face-off versus Joe Thornton in Kings zone.
11:20 of 2nd period - Wrist shot by Maxim Afinogenov.
11:20 of 2nd period - Shot Misses the Net.
11:22 of 2nd period - Slapshot by Jon Merrill.
11:22 of 2nd period - Shot Blocked by Brent Seabrook.
11:36 of 2nd period - Wrist shot by Brian McGrattan.
11:36 of 2nd period - Deflect By Darroll Powe.
11:36 of 2nd period - Stopped by Mike Smith without a rebound.
11:37 of 2nd period - Joe Thornton wins face-off versus Darroll Powe in Capitals zone.
11:39 of 2nd period - Minor Penalty to Joe Pavelski for Roughing.
11:40 of 2nd period - Joe Thornton wins face-off versus Anze Kopitar in Capitals zone.
12:06 of 2nd period - John Carlson is hit by Brent Seabrook.
12:22 of 2nd period - Ondrej Palat is hit by Anze Kopitar and loses puck.
13:39 of 2nd period - Penalty to Joe Pavelski is over, Joe Pavelski is back on ice.
13:39 of 2nd period - John Carlson is hit by Ryan Nugent-Hopkins and loses puck.
13:46 of 2nd period - Joe Pavelski is hit by Claude Giroux and loses puck.
14:05 of 2nd period - Slapshot by Dan Hamhuis.
14:05 of 2nd period - Stopped by Mike Smith with a rebound.
14:07 of 2nd period - Slapshot by Brian McGrattan.
14:07 of 2nd period - Stopped by Mike Smith without a rebound.
14:08 of 2nd period - Joe Thornton wins face-off versus Gilbert Brule in Capitals zone.
14:10 of 2nd period - Minor Penalty to Patrick Sharp for Roughing.
14:11 of 2nd period - Gilbert Brule wins face-off versus Joe Thornton in Capitals zone.
14:23 of 2nd period - Snap shot by Gilbert Brule.
14:23 of 2nd period - Shot Blocked by Brent Seabrook.
16:10 of 2nd period - Penalty to Patrick Sharp is over, Patrick Sharp is back on ice.
16:29 of 2nd period - Josh Manson is hit by Brian McGrattan and loses puck.
16:59 of 2nd period - Minor Penalty to Dan Hamhuis for Tripping.
17:00 of 2nd period - Brian McGrattan wins face-off versus Joe Thornton in Kings zone.
17:08 of 2nd period - Snap shot by Joe Pavelski.
17:08 of 2nd period - Shot Blocked by Gilbert Brule.
18:22 of 2nd period - Snap shot by Daniel Carcillo.
18:22 of 2nd period - Shot Misses the Net.
18:24 of 2nd period - Slapshot by Radko Gudas.
18:24 of 2nd period - Stopped by Mike Smith without a rebound.
18:25 of 2nd period - Gilbert Brule wins face-off versus Joe Thornton in Capitals zone.
18:59 of 2nd period - Penalty to Dan Hamhuis is over, Dan Hamhuis is back on ice.
19:50 of 2nd period - Daniel Carcillo is hit by Blake Wheeler and loses puck.
Goals for this period are 0 for Capitals vs 2 for Kings.
Shots for this period are 6 for Capitals vs 10 for Kings.
3rd period
0:01 of 3rd period - Anze Kopitar wins face-off versus Joe Thornton in neutral zone.
0:12 of 3rd period - Slapshot by Claude Giroux.
0:12 of 3rd period - Stopped by Mike Smith with a rebound.
0:14 of 3rd period - Wrist shot by Anze Kopitar.
0:14 of 3rd period - Deflect By Claude Giroux.
0:14 of 3rd period - Goal by Claude Giroux - Capitals : 1 - Kings : 5.
0:15 of 3rd period - Joe Thornton wins face-off versus Anze Kopitar in neutral zone.
0:22 of 3rd period - Snap shot by Joe Pavelski.
0:22 of 3rd period - Stopped by Philipp Grubauer with a rebound.
0:28 of 3rd period - Snap shot by Joe Thornton.
0:28 of 3rd period - Stopped by Philipp Grubauer without a rebound.
0:29 of 3rd period - Anze Kopitar wins face-off versus Joe Thornton in Kings zone.
0:29 of 3rd period - Anze Kopitar is hit by Joe Pavelski.
1:16 of 3rd period - Icing by Loui Eriksson.
1:17 of 3rd period - Jordan Nolan wins face-off versus Mikko Koivu in Kings zone.
1:22 of 3rd period - Wrist shot by Daniel Carcillo.
1:22 of 3rd period - Stopped by Mike Smith with a rebound.
1:40 of 3rd period - Minor Penalty to Kevin Hayes for Slashing.
1:41 of 3rd period - Gilbert Brule wins face-off versus Joe Thornton in Kings zone.
1:52 of 3rd period - Wrist shot by Brian McGrattan.
1:52 of 3rd period - Stopped by Mike Smith without a rebound.
1:53 of 3rd period - Joe Thornton wins face-off versus Gilbert Brule in Capitals zone.
2:02 of 3rd period - Slapshot by Victor Hedman.
2:02 of 3rd period - Stopped by Philipp Grubauer with a rebound.
2:04 of 3rd period - Snap shot by Joe Thornton.
2:04 of 3rd period - Shot Misses the Net.
3:40 of 3rd period - Penalty to Kevin Hayes is over, Kevin Hayes is back on ice.
4:00 of 3rd period - Blake Wheeler is hit by Gilbert Brule and loses puck.
4:15 of 3rd period - Ryan Nugent-Hopkins is hit by Maxim Afinogenov and loses puck.
4:35 of 3rd period - Olli Maatta is hit by Anze Kopitar and loses puck.
6:17 of 3rd period - Justin Faulk is hit by Peter Worrell and loses puck.
6:42 of 3rd period - Slapshot by T.J. Oshie.
6:42 of 3rd period - Stopped by Philipp Grubauer without a rebound.
6:43 of 3rd period - Joe Thornton wins face-off versus Anze Kopitar in Kings zone.
6:58 of 3rd period - Snap shot by Joe Pavelski.
6:58 of 3rd period - Stopped by Philipp Grubauer with a rebound.
7:14 of 3rd period - Snap shot by Jason Pominville.
7:14 of 3rd period - Shot Misses the Net.
7:16 of 3rd period - Snap shot by Josh Manson.
7:16 of 3rd period - Stopped by Philipp Grubauer without a rebound.
7:17 of 3rd period - Ryan Getzlaf wins face-off versus Jordan Nolan in Kings zone.
7:18 of 3rd period - Wrist shot by Jason Pominville.
7:18 of 3rd period - Stopped by Philipp Grubauer without a rebound.
7:19 of 3rd period - Matt Martin wins face-off versus Ryan Getzlaf in Kings zone.
7:30 of 3rd period - Slapshot by Victor Hedman.
7:30 of 3rd period - Stopped by Philipp Grubauer with a rebound.
7:32 of 3rd period - Slapshot by Patrick Marleau.
7:32 of 3rd period - Stopped by Philipp Grubauer with a rebound.
7:44 of 3rd period - Brent Seabrook is hit by Kevin Hayes and loses puck.
8:26 of 3rd period - Snap shot by Tyler Cuma.
8:26 of 3rd period - Deflect By Brian McGrattan.
8:26 of 3rd period - Shot Blocked by Olli Maatta.
8:26 of 3rd period - Puck is out of play.
8:27 of 3rd period - Ryan Nugent-Hopkins wins face-off versus Darroll Powe in Capitals zone.
8:38 of 3rd period - Wrist shot by Ryan Nugent-Hopkins.
8:38 of 3rd period - Shot Blocked by Darnell Nurse.
9:42 of 3rd period - Snap shot by Maxim Afinogenov.
9:42 of 3rd period - Stopped by Mike Smith without a rebound.
9:43 of 3rd period - Anze Kopitar wins face-off versus Patrick Sharp in Capitals zone.
10:01 of 3rd period - Off-side.
10:02 of 3rd period - Jordan Nolan wins face-off versus Ryan Getzlaf in neutral zone.
10:07 of 3rd period - Snap shot by Maxim Afinogenov.
10:07 of 3rd period - Deflect By Loui Eriksson.
10:07 of 3rd period - Shot Blocked by Victor Hedman.
10:07 of 3rd period - Puck is out of play.
10:08 of 3rd period - Jordan Nolan wins face-off versus Ryan Getzlaf in Capitals zone.
10:15 of 3rd period - Snap shot by Maxim Afinogenov.
10:15 of 3rd period - Shot Blocked by Brent Seabrook.
10:39 of 3rd period - Wrist shot by Radko Gudas.
10:39 of 3rd period - Shot Misses the Net.
10:41 of 3rd period - Wrist shot by Claude Giroux.
10:41 of 3rd period - Stopped by Mike Smith without a rebound.
10:42 of 3rd period - Anze Kopitar wins face-off versus Joe Thornton in Capitals zone.
11:21 of 3rd period - Wrist shot by Claude Giroux.
11:21 of 3rd period - Shot Misses the Net.
11:23 of 3rd period - Snap shot by Anze Kopitar.
11:23 of 3rd period - Stopped by Mike Smith with a rebound.
11:27 of 3rd period - Snap shot by Anze Kopitar.
11:27 of 3rd period - Stopped by Mike Smith without a rebound.
11:28 of 3rd period - Ryan Getzlaf wins face-off versus Gilbert Brule in Capitals zone.
11:33 of 3rd period - Snap shot by Brent Seabrook.
11:33 of 3rd period - Deflect By Patrick Marleau.
11:33 of 3rd period - Shot Blocked by Daniel Carcillo.
11:33 of 3rd period - Puck is out of play.
11:34 of 3rd period - Gilbert Brule wins face-off versus Ryan Getzlaf in Kings zone.
11:39 of 3rd period - Wrist shot by Daniel Carcillo.
11:39 of 3rd period - Deflect By Kevin Hayes.
11:39 of 3rd period - Shot Misses the Net.
11:39 of 3rd period - Puck is out of play.
11:40 of 3rd period - Joe Thornton wins face-off versus Gilbert Brule in Capitals zone.
11:40 of 3rd period - Joe Thornton is hit by Daniel Carcillo.
11:45 of 3rd period - Off-side.
11:46 of 3rd period - Gilbert Brule wins face-off versus Joe Thornton in neutral zone.
11:48 of 3rd period - John Carlson is hit by Joe Pavelski.
12:02 of 3rd period - Slapshot by Brent Seabrook.
12:02 of 3rd period - Shot Blocked by Darnell Nurse.
12:12 of 3rd period - Snap shot by Ryan Getzlaf.
12:12 of 3rd period - Stopped by Philipp Grubauer with a rebound.
12:52 of 3rd period - Backhand shot by Darnell Nurse.
12:52 of 3rd period - Stopped by Mike Smith with a rebound.
12:54 of 3rd period - Wrist shot by Brian McGrattan.
12:54 of 3rd period - Stopped by Mike Smith with a rebound.
12:58 of 3rd period - Slapshot by John Carlson.
12:58 of 3rd period - Shot Misses the Net.
13:00 of 3rd period - Wrist shot by Darroll Powe.
13:00 of 3rd period - Shot Misses the Net.
13:02 of 3rd period - Snap shot by Brian McGrattan.
13:02 of 3rd period - Shot Misses the Net.
13:28 of 3rd period - Snap shot by Shayne Gostisbehere.
13:28 of 3rd period - Deflect By Claude Giroux.
13:28 of 3rd period - Goal by Shayne Gostisbehere - Capitals : 2 - Kings : 5.
13:29 of 3rd period - Joe Thornton wins face-off versus Anze Kopitar in neutral zone.
13:42 of 3rd period - Minor Penalty to Joe Thornton for Slashing.
13:43 of 3rd period - T.J. Oshie wins face-off versus Anze Kopitar in Capitals zone.
14:14 of 3rd period - Snap shot by John Carlson.
14:14 of 3rd period - Shot Blocked by Victor Hedman.
14:16 of 3rd period - Slapshot by Loui Eriksson.
14:16 of 3rd period - Shot Misses the Net.
15:00 of 3rd period - Backhand shot by Justin Faulk.
15:00 of 3rd period - Stopped by Philipp Grubauer with a rebound.
15:38 of 3rd period - Jordan Nolan is hit by Patrick Marleau and loses puck.
15:42 of 3rd period - Penalty to Joe Thornton is over, Joe Thornton is back on ice.
15:45 of 3rd period - Wrist shot by Joe Thornton.
15:45 of 3rd period - Stopped by Philipp Grubauer without a rebound.
15:46 of 3rd period - Darroll Powe wins face-off versus Ryan Getzlaf in Kings zone.
16:03 of 3rd period - Jason Pominville is hit by Peter Worrell and loses puck.
17:39 of 3rd period - Snap shot by T.J. Oshie.
17:39 of 3rd period - Stopped by Philipp Grubauer without a rebound.
17:40 of 3rd period - Ryan Nugent-Hopkins wins face-off versus Loui Eriksson in Kings zone.
17:53 of 3rd period - Snap shot by Shayne Gostisbehere.
17:53 of 3rd period - Stopped by Philipp Grubauer with a rebound.
17:55 of 3rd period - Snap shot by Ryan Nugent-Hopkins.
17:55 of 3rd period - Deflect By Michael Schumacher.
17:55 of 3rd period - Shot Misses the Net.
17:55 of 3rd period - Puck is out of play.
17:56 of 3rd period - Joe Thornton wins face-off versus Anze Kopitar in Kings zone.
18:11 of 3rd period - Snap shot by Claude Giroux.
18:11 of 3rd period - Stopped by Mike Smith with a rebound.
18:13 of 3rd period - Slapshot by Radko Gudas.
18:13 of 3rd period - Stopped by Mike Smith with a rebound.
18:48 of 3rd period - Gilbert Brule is hit by Justin Faulk and loses puck.
19:25 of 3rd period - Slapshot by Darroll Powe.
19:25 of 3rd period - Shot Misses the Net.
19:27 of 3rd period - Snap shot by Dan Hamhuis.
19:27 of 3rd period - Shot Misses the Net.
19:29 of 3rd period - Wrist shot by Darroll Powe.
19:29 of 3rd period - Stopped by Mike Smith with a rebound.
19:36 of 3rd period - Icing by Josh Manson.
19:37 of 3rd period - Anze Kopitar wins face-off versus Joe Thornton in Capitals zone.
19:46 of 3rd period - Snap shot by Claude Giroux.
19:46 of 3rd period - Shot Blocked by Joe Thornton.
19:48 of 3rd period - Snap shot by Tyler Cuma.
19:48 of 3rd period - Shot Blocked by Olli Maatta.
19:50 of 3rd period - Snap shot by Claude Giroux.
19:50 of 3rd period - Goal by Claude Giroux - Capitals : 2 - Kings : 6.
19:51 of 3rd period - Anze Kopitar wins face-off versus Joe Thornton in neutral zone.
19:55 of 3rd period - Minor Penalty to Joe Pavelski for Hooking.
19:56 of 3rd period - Anze Kopitar wins face-off versus Joe Thornton in Capitals zone.
Goals for this period are 1 for Capitals vs 2 for Kings.
Shots for this period are 15 for Capitals vs 14 for Kings.
Back to the Top